 Dungeon Crawl Stone Soup version 0.30.1-11-g7821555f0a (webtiles) character file.

Game seed: 2505348666890108808

266020 nakki the Phalangite (level 19, -10/188 HPs)
             Began as a Minotaur Fighter on Dec 26, 2023.
             Was the Champion of Okawaru.
             Killed from afar by a deep elf knight (32 damage)
             ... with a lance of force
             ... on level 2 of the Elven Halls on Dec 28, 2023.
             The game lasted 02:51:01 (38991 turns).

nakki the Phalangite (Minotaur Fighter)            Turns: 38991, Time: 02:51:01

Health: -10/188    AC: 37    Str: 45    XL:     19   Next: 31%
Magic:  40/40      EV: 13    Int:  2    God:    Okawaru [******]
Gold:   2468       SH:  5    Dex:  9    Spells: 18/18 levels left

rFire   + . .        f - +2 bardiche (protect)
rCold   + . .        (shield currently unavailable)
rNeg    + . .        X - +5 chain mail of the Poles {rElec rN+}
rPois   +            D - +1 hat "Qehi" {MP+9 Dex+3}
rElec   +            S - scarf {rC+ rF+}
rCorr   .            l - +1 pair of gloves of Giul {Will+ Regen+ Str+4 Int-3}
SInv    .            b - +5 pair of boots of Inference {MP+9 Dex-2 Slay+3}
Will    ++...        a - amulet of reflection Stlth
                     N - +6 ring of strength
HPRegen 1.31/turn    A - ring of Sut Wipn {*Slow Fly rPois Str+6}
MPRegen 0.27/turn

%: slow self (1%), reflection
@: about to teleport, under a protective aura, flying, studying Short Blades
A: horns 2, retaliatory headbutt, clumsy 1
}: 2/15 runes: decaying, serpentine
a: Renounce Religion, Heroism, Finesse, Duel


You were on level 2 of the Elven Halls.
You worshipped Okawaru.
Okawaru was exalted by your worship.
You visited 6 branches of the dungeon, and saw 32 of its levels.
You also visited: Sewer and Bailey.

You collected 3911 gold pieces.
You spent 1443 gold pieces at shops.

Inventory:

Hand Weapons
 f - a +2 bardiche of protection (weapon)
Missiles
 s - 18 javelins (quivered)
 J - 12 silver javelins
Armour
 b - the +5 pair of boots of Inference (worn) {MP+9 Dex-2 Slay+3}
   (You acquired it on level 2 of the Lair of Beasts)

   Dex:       It affects your dexterity (-2).
   Slay:      It affects your accuracy & damage with ranged weapons and melee
   (+3).
   MP:        It affects your magic capacity (+9).
 l - the +1 pair of gloves of Giul (worn) {Will+ Regen+ Str+4 Int-3}
   (Okawaru gifted it to you on level 2 of the Elven Halls)

   Str:       It affects your strength (+4).
   Int:       It affects your intelligence (-3).
   Regen:     It increases your rate of health regeneration.
   Will:      It increases your willpower.
 n - the +5 acid dragon scales of Terror {rPois Will+ rCorr Str+3}
   (Okawaru gifted it to you on level 3 of the Snake Pit)

   Str:       It affects your strength (+3).
   rPois:     It protects you from poison.
   rCorr:     It protects you from acid and corrosion.
   Will:      It increases your willpower.
 D - the +1 hat "Qehi" (worn) {MP+9 Dex+3}
   (Okawaru gifted it to you on level 14 of the Dungeon)

   Dex:       It affects your dexterity (+3).
   MP:        It affects your magic capacity (+9).
 G - the +0 pair of gloves of Amorality {Str+3 Dex+2}
   (You bought it in a shop on level 1 of the Snake Pit)

   Str:       It affects your strength (+3).
   Dex:       It affects your dexterity (+2).
 S - a scarf of resistance (worn)
 X - the +5 chain mail of the Poles (worn) {rElec rN+}
   (Okawaru gifted it to you on level 5 of the Lair of Beasts)

   rElec:     It insulates you from electricity.
   rN:        It protects you from negative energy.
Jewellery
 a - an amulet of reflection (around neck)
 p - the ring "Jaitefar" {rPois rF+ Str+3}
   (You bought it in a shop on level 2 of the Orcish Mines)

   [ring of protection from fire]

   Str:       It affects your strength (+3).
   rF:        It protects you from fire.
   rPois:     It protects you from poison.
 A - the ring of Sut Wipn (right hand) {*Slow Fly rPois Str+6}
   (You bought it in a shop on level 1 of the Snake Pit)

   [ring of strength]

   Str:       It affects your strength (+6).
   rPois:     It protects you from poison.
   Fly:       It grants you flight.
   *Slow:     It may slow you when you take damage.
 L - the ring "Dockap" {rPois Int+4}
   (You found it on level 2 of the Swamp)

   [ring of poison resistance]

   Int:       It affects your intelligence (+4).
   rPois:     It protects you from poison.
 N - a +6 ring of strength (left hand)
Wands
 q - a wand of quicksilver (28)
 u - a wand of flame (72)
 I - a wand of polymorph (16)
 M - a wand of digging (18)
 Q - a wand of paralysis (30)
 U - a wand of mindburst (8)
Scrolls
 g - 6 scrolls of immolation
 h - 3 scrolls of blinking
 i - 13 scrolls of teleportation
 j - 2 scrolls of brand weapon
 m - 4 scrolls of fog
 o - 7 scrolls of identify
 x - 4 scrolls of torment
 y - 5 scrolls of poison
 C - 2 scrolls of butterflies
 R - 5 scrolls of vulnerability
 T - 7 scrolls of fear
Potions
 c - 3 potions of invisibility
 d - 6 potions of lignification
 r - 4 potions of cancellation
 t - 5 potions of might
 H - 2 potions of curing
 K - a potion of haste
 P - 2 potions of berserk rage


   Skills:
 + Level 20.8 Fighting
 + Level 9.2(16.9) Axes
 + Level 4.6(7.7) Maces & Flails
 + Level 21.6(22.2) Polearms
 + Level 2.1(14.7) Staves
 + Level 8.7 Throwing
 + Level 18.1 Armour
 + Level 8.8 Dodging
 + Level 4.8 Stealth
 + Level 16.1 Shields
 + Level 2.6 Unarmed Combat
 + Level 5.4 Invocations
 + Level 0.1 Evocations


You had 18 spell levels left.
You didn't know any spells.
Your spell library contained the following spells:

 Spells                   Type           Power      Damage    Failure   Level
 Foxfire                  Conj/Fire      0%         2x1d4     77%         1
 Magic Dart               Conj           0%         1d3       77%         1
 Shock                    Conj/Air       0%         1d3       77%         1
 Blink                    Tloc           0%         N/A       88%         2
 Lesser Beckoning         Tloc           0%         N/A       88%         2
 Momentum Strike          Conj/Tloc      0%         3d8       88%         2
 Searing Ray              Conj           0%         2d4       88%         2
 Sublimation of Blood     Necr           0%         N/A       88%         2
 Wereblood                Tmut           0%         N/A       88%         2
 Inner Flame              Hex/Fire       0%         N/A       98%         3
 Mephitic Cloud           Conj/Pois/Air  0%         N/A       98%         3
 Spider Form              Tmut/Pois      0%         N/A       98%         3
 Stone Arrow              Conj/Erth      0%         3d7       98%         3
 Swiftness                Air            0%         N/A       98%         3
 Vhi's Electric Charge    Tloc/Air       0%         N/A       98%         3
 Volatile Blastmotes      Fire/Tloc      0%         2d10      98%         3
 Airstrike                Air            0%         2d(0-16)  100%        4
 Flame Wave               Conj/Fire      0%         2d4       100%        4
 Fulminant Prism          Conj/Hex       0%         3d5       100%        4
 Iskenderun's Mystic Bla  Conj/Tloc      0%         2d3       100%        4
 Sticky Flame             Conj/Fire      0%         2d3       100%        4
 Arcjolt                  Conj/Air       0%         1d10      100%        5
 Fireball                 Conj/Fire      0%         3d3       100%        5
 Lee's Rapid Deconstruct  Erth           0%         3d4*      100%        5
 Eringya's Noxious Bog    Tmut/Pois      0%         N/A       100%        6
 Plasma Beam              Fire/Air       0%         2x1d11    100%        6
 Starburst                Conj/Fire      0%         6d3       100%        6
 Ozocubu's Refrigeration  Ice            0%         4d7       100%        7
 Lehudib's Crystal Spear  Conj/Erth      0%         10d2      100%        8
 Maxwell's Capacitive Co  Air            0%         ∞         100%        8
 Polar Vortex             Ice            0%         N/A       100%        9
 Call Imp                 Summ           Unusable   N/A       N/A         2
 Animate Armour           Summ/Erth      Unusable   N/A       N/A         4
 Summon Forest            Summ/Tloc      Unusable   N/A       N/A         5
 Simulacrum               Ice/Necr       Unusable   N/A       N/A         6
 Summon Hydra             Summ           Unusable   N/A       N/A         7

Dungeon Overview and Level Annotations

Branches:
Dungeon (15/15)            Temple (0/1) D:7            Lair (5/5) D:11
  Swamp (4/4) Lair:3        Snake (4/4) Lair:2        Slime (0/5) Lair:4
    Orc (2/2) D:9             Elf (2/3) Orc:2        Vaults (0/5) D:14
 Depths (0/4) D:15          Sewer (visited)          Bailey (visited)

Altars:
Ashenzari
Cheibriados
Elyvilon
Fedhas
Gozag
Kikubaaqudgha
Makhleb
Okawaru
Qazlal
Sif Muna
Trog
Wu Jian
Yredelemnul
Zin
The Shining One
Jiyva

Shops:
D:5 :   D:15 :(   Orc:2 ([=[=   Snake:1 :[(=

Annotations:
D:14 Roxanne


Innate Abilities, Weirdness & Mutations

You have a pair of horns on your head.
You reflexively headbutt those who attack you in melee.
You are clumsy. (Dex -2)


Message History

Okawaru accepts your kill.
Reactivating autopickup.
You feel a bit more experienced.
Deactivating autopickup; reactivate with Ctrl-A.
You miss something.
You hear some strange, mumbled words.
A shard of ice appears from out of thin air!
The shard of ice hits you!! You partially resist.
* * * LOW HITPOINT WARNING * * *
You miss something. Your headbutt misses something.
Something hits you but does no damage.
You hear some strange, mumbled words.
A lance of force appears from out of thin air!
The lance of force hits you!!
* * * LOW HITPOINT WARNING * * *
You are knocked back by the lance of force.
You slam into the stone wall!
* * * LOW HITPOINT WARNING * * *
You hear some strange, mumbled words.
A shard of ice appears from out of thin air!
The shard of ice hits you but does no damage.
There is a huge open translucent gate, spattered with blood here.
Items here: )) ÷ †.
As you read the scroll of teleportation, it crumbles to dust.
You feel strangely unstable. You block something's attack.
You slice something!!
Your weapon exudes an aura of protection.
You hear some strange, mumbled words.
A shard of ice appears from out of thin air!
The shard of ice hits you but does no damage.
You miss something.
You hear some strange, mumbled words.
A lance of force appears from out of thin air!
You block lance of force... and reflect it back!
Something barely misses you.
You barely miss something. Your headbutt misses something.
You hear some strange, mumbled words.
A lance of force appears from out of thin air!
The lance of force hits you!!
You die...

..................#
...........).....#
##...##...##.....## ##.#
##.####.....## ####
########### ##)....#
##.###...#.#...####.))...#
##..#.....#..)..##......##
.[...............#{....##
#.##....).......@#.....##
#.##....)...)...){...#..##
....#......)...)#'...#...#
#....#.)..8))..#.'..###..#
....#.....).)...#'...#...#
#.........)).....'...#..##
.................#.....##
###.......)......#.....##
....#.....#.....##......##


There were no monsters in sight!

Vanquished Creatures
  Mara (Swamp:3)
  Saint Roka (Elf:2)
  Nikola (Swamp:1)
  Rupert (Orc:2)
  Asterion (Snake:4)
  Agnes (Snake:2)
  The ghost of Plommelars the Severer, a journeyman MiFi of Elyvilon (D:15)
  2 thorn hunters
  2 nagarajas
  Aizul (Snake:1)
  2 deep elf sorcerers (Elf:1)
  An orc warlord (Orc:2)
  A caustic shrike skeleton (D:15)
  5 eleionomae
  Azrael (Orc:2)
  4 bunyips (Swamp:1)
  Snorg (Orc:1)
  A shambling mangrove (Swamp:2)
  Josephine (Lair:3)
  A spectral golden dragon (D:15)
  3 ghost crabs
  A vault guard (D:14)
  Erolcha (D:10)
  16 hydras
  A spriggan skeleton (D:15)
  2 salamander tyrants
  4 ice dragons
  An ogre mage (D:15)
  A catoblepas (Lair:5)
  13 anacondas
  3 boulder beetles
  3 death yaks (Lair:4)
  19 dancing weapons
  15 naga warriors
  5 two-headed ogres
  4 centaur warriors
  A tengu warrior (D:15)
  8 alligators
  5 shock serpents
  10 orc high priests (Orc:2)
  Nergalle (Orc:1)
  The ghost of MrIGI the Grappler, a novice TrFi of Wu Jian (D:8)
  14 naga sharpshooters
  11 deep elf knights
  Amaemon (Lair:2)
  3 skysharks
  3 salamander mystics
  14 skeletal warriors
  A fire crab (shapeshifter) (Elf:1)
  A goliath frog (Swamp:2)
  A flayed ghost (D:15)
  4 spriggan druids
  A glowing orange brain (D:8)
  15 naga ritualists
  3 bog bodies
  13 deep elf archers (Elf:1)
  A swamp dragon (Swamp:1)
  A wizard (Elf:1)
  2 phantasmal warriors (D:15)
  A tengu zombie (D:15)
  A necromancer (D:15)
  10 ugly things
  24 deep elf pyromancers
  20 deep elf zephyrmancers
  2 lindwurms (Lair:5)
  2 orc sorcerers (Orc:2)
  14 mana vipers
  9 will-o-the-wisps
  16 salamanders
  A wolf spider (Lair:3)
  3 manticores
  A fire giant zombie (D:15)
  Maurice (D:8)
  5 cyclopes
  6 elephants (Lair:3)
  5 guardian serpents
  A black mamba (shapeshifter) (D:15)
  46 black mambas
  Joseph (D:9)
  9 torpor snails
  12 naga magi
  17 cane toads
  Maggie (D:8)
  An orange demon (Lair:2)
  A gargoyle (D:12)
  3 rime drakes
  Psyche (D:9)
  10 komodo dragons
  2 tengu conjurers (D:14)
  A kobold demonologist (D:12)
  5 freezing wraiths
  2 efreet
  3 meliai (D:13)
  A wind drake (shapeshifter) (D:8)
  Grinder (D:6)
  A bloated husk (Swamp:3)
  11 trolls
  A raiju (Lair:5)
  19 hornets
  11 polar bears
  A sphinx simulacrum (D:15)
  7 tyrant leeches
  2 raiju (shapeshifter)
  A blink frog (shapeshifter) (D:14)
  17 blink frogs
  3 dream sheep (Lair:4)
  2 air elementals (Elf:2)
  Sigmund (D:4)
  A culicivora (shapeshifter) (Elf:1)
  5 slime creatures (D:13)
  3 basilisks
  6 wraiths
  7 spriggans
  2 steam dragons
  A wyvern (D:8)
  55 yaks
  2 neqoxecs (D:8)
  3 fire elementals
  14 vampire mosquitoes
  Grum (D:8)
  5 swamp worm simulacra (Swamp:4)
  13 wargs
  12 swamp worms
  An acid dragon (D:12)
  36 nagas
  13 hydra simulacra (Swamp:4)
  18 water moccasins
  17 hell hounds
  15 black bears
  33 orc warriors
  3 ice beasts
  2 boggarts (Elf:1)
  32 wolves
  7 ogres
  2 phantoms (D:4)
  26 centaurs
  8 kobold brigands
  14 bullfrogs
  2 gnoll sergeants
  3 earth elementals (Elf:1)
  4 scorpions
  A scorpion (shapeshifter) (Elf:1)
  9 wights
  15 killer bees
  An electric eel (Lair:4)
  A howler monkey (D:11)
  9 jellies
  Crazy Yiuf (D:6)
  3 hounds
  38 orc priests
  2 iguanas
  2 sleepcaps
  14 orc wizards
  11 gnolls
  6 river rats (Sewer)
  11 adders
  2 shadow imps
  2 white imps (D:6)
  2 ufetubi
  3 swamp drake simulacra (Swamp:4)
  A worm (D:2)
  2 dart slugs
  130 orcs
  10 ball pythons
  8 endoplasms
  8 giant cockroaches
  19 goblins
  6 hobgoblins
  3 jackals (D:5)
  3 quokkas
  7 bats
  3 frilled lizards
  48 kobolds
  29 rats
  2 butterflies (D:14)
1331 creatures vanquished.

Vanquished Creatures (others)
  A hydra (Swamp:4)
  2 salamanders
  A bloated husk (Swamp:3)
  A vampire mosquito (Swamp:3)
  An orc (Orc:2)
  58 foxfires
64 creatures vanquished.

Grand Total: 1395 creatures vanquished

Notes
Turn   | Place    | Note
-------+----------+-------------------------------------------
     0 | D:1      | nakki the Minotaur Fighter began the quest for the Orb.
     0 | D:1      | Reached XP level 1. HP: 19/19 MP: 0/0
   211 | D:1      | Reached XP level 2. HP: 27/27 MP: 1/1
   884 | D:2      | Reached XP level 3. HP: 33/33 MP: 2/2
  1334 | D:2      | Found a white marble altar of Elyvilon.
  1562 | D:3      | Found a glowing drain.
  1579 | Sewer    | Entered a sewer
  1609 | Sewer    | Reached skill level 1 in Staves
  1609 | Sewer    | Reached XP level 4. HP: 20/41 MP: 3/3
  1804 | Sewer    | Reached skill level 1 in Axes
  1804 | Sewer    | Reached XP level 5. HP: 45/47 MP: 4/4
  1813 | Sewer    | Reached skill level 1 in Dodging
  1939 | Sewer    | Reached skill level 5 in Fighting
  2018 | Sewer    | Reached XP level 6. HP: 21/56 MP: 5/5
  2474 | D:3      | Reached skill level 5 in Armour
  2474 | D:3      | Reached XP level 7. HP: 25/61 MP: 6/6
  2918 | D:4      | Reached skill level 5 in Axes
  3092 | D:4      | Found a glowing silver altar of Zin.
  3420 | D:4      | Found a shimmering blue altar of Sif Muna.
  3429 | D:4      | Reached skill level 1 in Maces & Flails
  3531 | D:4      | Noticed Sigmund
  3580 | D:4      | Killed Sigmund
  3581 | D:4      | Reached XP level 8. HP: 47/70 MP: 7/7
  3897 | D:5      | Entered Level 5 of the Dungeon
  3897 | D:5      | Found Jyllugiut's Book Emporium.
  4022 | D:5      | Found a white marble altar of Elyvilon.
  4170 | D:5      | Reached skill level 1 in Polearms
  4310 | D:5      | Reached skill level 2 in Polearms
  4497 | D:5      | Reached skill level 3 in Polearms
  4622 | D:6      | Found a stormy altar of Qazlal.
  4630 | D:6      | Identified the +4 trident of nakki's Instant Death {venom,
                  | rF+ Int+6}
  4648 | D:6      | Noticed Grinder
  4649 | D:6      | Paralysed by Grinder for 3 turns
  4660 | D:6      | Killed Grinder
  4661 | D:6      | Reached skill level 4 in Polearms
  4801 | D:6      | Reached skill level 5 in Polearms
  4836 | D:6      | Found an ancient bone altar of Kikubaaqudgha.
  4873 | D:6      | Reached skill level 6 in Polearms
  4879 | D:6      | Found an opulent altar of Gozag.
  4972 | D:6      | Reached XP level 9. HP: 62/78 MP: 8/8
  5331 | D:6      | Reached skill level 1 in Stealth
  5503 | D:6      | Found a runed translucent door.
  5504 | D:6      | Noticed Crazy Yiuf
  5683 | D:6      | Killed Crazy Yiuf
  5866 | D:7      | Reached skill level 7 in Polearms
  6010 | D:7      | Found a staircase to the Ecumenical Temple.
  6073 | D:7      | Found a flagged portal.
  6097 | D:7      | Reached skill level 5 in Shields
  6105 | Bailey   | Entered a bailey
  6125 | Bailey   | Reached skill level 8 in Polearms
  6466 | Bailey   | Reached skill level 9 in Polearms
  6466 | Bailey   | Reached skill level 1 in Throwing
  6903 | Bailey   | Reached XP level 10. HP: 69/88 MP: 9/9
  7543 | D:7      | Reached skill level 10 in Polearms
  8336 | D:8      | Noticed Maggie
  8351 | D:8      | Killed Maggie
  8372 | D:8      | Found a runed translucent gate.
  8373 | D:8      | Found a runed translucent gate.
  8374 | D:8      | Found a runed translucent gate.
  8403 | D:8      | Noticed Grum
  8404 | D:8      | Identified the +1 hand axe "Aubergine" {flame, Int+2}
  8408 | D:8      | Killed Grum
  8409 | D:8      | Reached skill level 11 in Polearms
  8413 | D:8      | Noticed Maurice
  8450 | D:8      | Killed Maurice
  8546 | D:8      | Found an iron altar of Okawaru.
  8556 | D:8      | Became a worshipper of Warmaster Okawaru
  9042 | D:8      | Noticed a green ugly thing
  9043 | D:8      | Noticed a glowing orange brain
  9044 | D:8      | Noticed a green ugly thing
  9044 | D:8      | Noticed a green ugly thing
  9072 | D:8      | Killed a glowing orange brain
  9072 | D:8      | Reached * piety under Okawaru
  9072 | D:8      | Killed a purple ugly thing
  9073 | D:8      | Reached XP level 11. HP: 64/99 MP: 10/10
  9074 | D:8      | Killed a purple ugly thing
  9076 | D:8      | Killed a purple ugly thing
  9076 | D:8      | Reached ** piety under Okawaru
  9077 | D:8      | Reached skill level 12 in Polearms
  9199 | D:8      | Found a runed translucent gate.
  9199 | D:8      | Found a runed translucent gate.
  9202 | D:8      | Found a runed translucent gate.
  9203 | D:8      | Noticed MrIGI's ghost (novice TrFi)
  9212 | D:8      | Gained mutation: You are clumsy. (Dex -2) [a neqoxec]
  9224 | D:8      | Reached skill level 10 in Armour
  9245 | D:8      | Killed MrIGI's ghost
  9246 | D:8      | Reached skill level 10 in Fighting
  9472 | D:9      | Found a staircase to the Orcish Mines.
  9701 | D:9      | Noticed Psyche
  9711 | D:9      | Killed Psyche
  9800 | D:9      | Found a blossoming altar of Fedhas.
  9819 | D:9      | Reached *** piety under Okawaru
  9823 | D:9      | Found a broken altar of Ashenzari.
  9851 | D:9      | Found an ornate altar of the Wu Jian Council.
  9868 | D:9      | Noticed Joseph
  9882 | D:9      | Killed Joseph
 10013 | D:9      | Found a basalt altar of Yredelemnul.
 10219 | D:10     | Entered Level 10 of the Dungeon
 10242 | D:10     | Reached skill level 13 in Polearms
 10344 | D:10     | Found a snail-covered altar of Cheibriados.
 10429 | D:10     | Noticed Erolcha
 10435 | D:10     | Killed Erolcha
 10475 | D:10     | Found a glowing golden altar of the Shining One.
 10579 | D:10     | Noticed a green ugly thing
 10594 | D:10     | Killed a green ugly thing
 10763 | D:10     | Received a gift from Okawaru
 10852 | D:10     | Found a burning altar of Makhleb.
 11241 | D:11     | Reached **** piety under Okawaru
 11242 | D:11     | Reached XP level 12. HP: 73/110 MP: 11/11
 12035 | D:11     | Found a staircase to the Lair.
 12222 | Lair:1   | Entered Level 1 of the Lair of Beasts
 12231 | Lair:1   | Reached skill level 14 in Polearms
 12238 | Lair:1   | Received a gift from Okawaru
 12834 | Lair:1   | Reached skill level 1 in Invocations
 13511 | Lair:2   | Reached ***** piety under Okawaru
 13623 | Lair:2   | Received a gift from Okawaru
 13933 | Lair:2   | Found a staircase to the Snake Pit.
 14034 | Lair:2   | Received a gift from Okawaru
 14124 | Lair:2   | Noticed Amaemon
 14141 | Lair:2   | Killed Amaemon
 14150 | Lair:2   | Reached XP level 13. HP: 95/119 MP: 13/13
 14618 | Lair:2   | Identified 2 scrolls of acquirement
 14619 | Lair:2   | Acquired a +0 buckler of resistance
 14636 | Lair:2   | Acquired the +5 pair of boots of Inference {MP+9 Dex-2
                  | Slay+3}
 14835 | Lair:3   | Noticed Josephine
 14855 | Lair:3   | Killed Josephine
 15366 | Lair:3   | Reached skill level 15 in Polearms
 15425 | Lair:3   | Received a gift from Okawaru
 15639 | Lair:3   | Reached skill level 5 in Throwing
 15984 | Lair:3   | Found a staircase to the Swamp.
 16312 | Lair:4   | Received a gift from Okawaru
 16653 | Lair:4   | Found a staircase to the Slime Pits.
 16655 | Lair:4   | Found a viscous altar of Jiyva.
 16873 | Lair:4   | Received a gift from Okawaru
 17333 | Lair:5   | Entered Level 5 of the Lair of Beasts
 17487 | Lair:5   | Reached XP level 14. HP: 107/132 MP: 15/15
 17618 | Lair:5   | Reached ****** piety under Okawaru
 17664 | Lair:5   | Received a gift from Okawaru
 17750 | Lair:5   | Reached skill level 16 in Polearms
 18172 | Lair:5   | Found a runed translucent door.
 18179 | Lair:5   | Identified the +5 chain mail of the Poles {rElec rN+}
                  | (Okawaru gifted it to you on level 5 of the Lair of Beasts)
 18179 | Lair:5   | Received a gift from Okawaru
 18371 | Lair:5   | Paralysed by a hornet for 1 turns
 18787 | Lair:5   | Reached skill level 15 in Armour
 18834 | Lair:5   | Reached skill level 15 in Fighting
 18848 | Lair:5   | Reached skill level 5 in Dodging
 19446 | Orc:1    | Entered Level 1 of the Orcish Mines
 19660 | Orc:1    | Noticed Nergalle
 19684 | Orc:1    | Killed Nergalle
 19685 | Orc:1    | Reached skill level 10 in Shields
 19931 | Orc:2    | Entered Level 2 of the Orcish Mines
 19931 | Orc:2    | Found a staircase to the Elven Halls.
 19951 | Orc:2    | Received a gift from Okawaru
 20102 | Orc:2    | Noticed an orc warlord
 20111 | Orc:2    | Paralysed by an orc sorcerer for 3 turns
 20134 | Orc:2    | Killed an orc warlord
 20295 | Orc:2    | Received a gift from Okawaru
 20296 | Orc:2    | Reached skill level 17 in Polearms
 20388 | Orc:2    | Found Aluss's Jewellery Emporium.
 20511 | Orc:2    | Reached XP level 15. HP: 137/143 MP: 17/17
 20652 | Orc:2    | Noticed Azrael
 20664 | Orc:2    | Killed Azrael
 20664 | Orc:2    | Received a gift from Okawaru
 20758 | Orc:2    | Noticed Rupert
 20760 | Orc:2    | Paralysed by Rupert for 5 turns
 20772 | Orc:2    | Killed Rupert
 20819 | Orc:2    | Found Jiom's Armour Shop.
 20819 | Orc:2    | Found Pextoph's Weapon Emporium.
 20933 | Orc:2    | Found Hubisut's Jewellery Shop.
 20933 | Orc:2    | Found Ituilif's Armour Emporium.
 20939 | Orc:2    | Bought the ring "Jaitefar" {rPois rF+ Str+3} for 467 gold
                  | pieces
 21117 | Orc:1    | Noticed Snorg
 21121 | Orc:1    | Killed Snorg
 22742 | D:13     | Received a gift from Okawaru
 22977 | D:13     | Received a gift from Okawaru
 23239 | D:13     | Reached skill level 18 in Polearms
 23239 | D:13     | Received a gift from Okawaru
 23530 | D:14     | Identified the +1 hat "Qehi" {MP+9 Dex+3} (Okawaru gifted
                  | it to you on level 14 of the Dungeon)
 23530 | D:14     | Received a gift from Okawaru
 23909 | D:14     | Found a gate to the Vaults.
 24006 | D:14     | Identified Roxanne's Treatise on Configuration
 24006 | D:14     | Noticed Roxanne
 24283 | D:15     | Entered Level 15 of the Dungeon
 24284 | D:15     | Found a transporter.
 24286 | D:15     | Noticed Plommelars's ghost (journeyman MiFi)
 24340 | D:15     | Found a staircase to the Depths.
 24477 | D:15     | Reached XP level 16. HP: 149/155 MP: 18/18
 24545 | D:15     | Found Uxikiemo's Firing Range.
 24783 | D:15     | Found an ornate altar of the Wu Jian Council.
 24817 | D:15     | Found a transporter.
 24977 | D:15     | Found Ofew's Book Boutique.
 25195 | D:15     | Killed Plommelars's ghost
 25776 | Snake:1  | Entered Level 1 of the Snake Pit
 25802 | Snake:1  | Reached skill level 5 in Invocations
 25897 | Snake:1  | Received a gift from Okawaru
 26181 | Snake:1  | Reached skill level 19 in Polearms
 26774 | Snake:1  | Got Olourhur's Papyrus of Energy and Infection
 26781 | Snake:1  | Got the Grimoire of the Coruscating Queen Bee
 26793 | Snake:1  | Identified the +0 leather armour of a treasure trove
                  | {Will+}
 27205 | Snake:1  | Found Cylot's Jewellery Shoppe.
 27206 | Snake:1  | Found Iggar's Weapon Shoppe.
 27206 | Snake:1  | Found Offaleat's Antique Armour Emporium.
 27215 | Snake:1  | Found Punyopsi's Book Emporium.
 27224 | Snake:1  | Bought the ring of Sut Wipn {*Slow Fly rPois Str+6} for 786
                  | gold pieces
 27231 | Snake:1  | Bought a pair of steaming gloves for 190 gold pieces
 27231 | Snake:1  | Identified the +0 pair of gloves of Amorality {Str+3 Dex+2}
                  | (You bought it in a shop on level 1 of the Snake Pit)
 27369 | Snake:2  | Noticed Aizul
 27392 | Snake:1  | Killed Aizul
 27680 | Snake:2  | Received a gift from Okawaru
 27825 | Snake:2  | Noticed Agnes
 27833 | Snake:2  | Killed Agnes
 28033 | Snake:2  | Identified the +1 demon trident "Fibas" {drain, Str+3 SInv}
                  | (Okawaru gifted it to you on level 2 of the Snake Pit)
 28033 | Snake:2  | Received a gift from Okawaru
 28682 | Snake:3  | Reached XP level 17. HP: 160/166 MP: 19/19
 29054 | Snake:3  | Identified the +5 acid dragon scales of Terror {rPois Will+
                  | rCorr Str+3} (Okawaru gifted it to you on level 3 of the
                  | Snake Pit)
 29054 | Snake:3  | Received a gift from Okawaru
 29649 | Snake:4  | Entered Level 4 of the Snake Pit
 30013 | Snake:4  | Noticed Asterion
 30022 | Snake:4  | Killed Asterion
 30239 | Snake:4  | Found a bloodstained altar of Trog.
 30556 | Snake:4  | Received a gift from Okawaru
 31468 | Snake:4  | Got a serpentine rune of Zot
 31644 | Swamp:1  | Entered Level 1 of the Swamp
 31674 | Swamp:1  | Noticed Nikola
 31680 | Lair:3   | Reached skill level 20 in Polearms
 31951 | Swamp:1  | Killed Nikola
 31959 | Swamp:1  | Received a gift from Okawaru
 31959 | Swamp:1  | Found the +18 Lear's hauberk
 32579 | Swamp:2  | Reached XP level 18. HP: 176/176 MP: 20/20
 33122 | Swamp:2  | Identified the ring "Dockap" {rPois Int+4}
 33398 | Swamp:3  | Noticed Mara
 33403 | Swamp:3  | Noticed nakki's illusion
 33420 | Swamp:3  | Killed Mara
 34493 | Swamp:3  | Reached skill level 15 in Shields
 34703 | Swamp:4  | Entered Level 4 of the Swamp
 35220 | Swamp:4  | Identified the +2 pair of boots "Deler" {Int+3} (Okawaru
                  | gifted it to you on level 4 of the Swamp)
 35220 | Swamp:4  | Received a gift from Okawaru
 35965 | Swamp:4  | Got a decaying rune of Zot
 36214 | Elf:1    | Entered Level 1 of the Elven Halls
 37495 | Elf:1    | Reached skill level 21 in Polearms
 37614 | Elf:1    | Reached XP level 19. HP: 184/187 MP: 21/21
 38075 | Elf:2    | Paralysed by an air elemental for 1 turns
 38225 | Elf:2    | Found a huge runed translucent gate.
 38225 | Elf:2    | Found a huge runed translucent gate.
 38225 | Elf:2    | Found a huge runed translucent gate.
 38231 | Elf:2    | Found a huge runed translucent gate.
 38231 | Elf:2    | Found a huge runed translucent gate.
 38275 | Elf:2    | Noticed Saint Roka
 38300 | Elf:2    | Killed Saint Roka
 38806 | Elf:2    | Identified the +1 pair of gloves of Giul {Will+ Regen+
                  | Str+4 Int-3} (Okawaru gifted it to you on level 2 of the
                  | Elven Halls)
 38806 | Elf:2    | Received a gift from Okawaru
 38981 | Elf:2    | HP: 9/188 [something (8)]
 38991 | Elf:2    | Killed from afar by a deep elf knight

Illustrated notes

Levels and vault maps discovered:
D:1:      giann_forest_graveyard, layout_basic, hangedman_decor_growths,
          minmay_misc_feat_secret_circle, minmay_pentomino_x2
D:2:      layout_basic, basic_altar, chequers_serial_rivers_micro_e
D:3:      layout_loops_ring, portal_sewer_entry_a, grunt_decor_junction
D:4:      layout_loops_ring, kennysheep_orc_sif_temple, amcnicky_altar_gilded,
          serial_park_tiny_1, uniq_sigmund
D:5:      layout_basic, lemuel_crystal_altar, serial_shops,
          nicolae_book_shop_shelving
D:6:      minmay_angry_zag, layout_basic, mainiacjoe_overflow_paths,
          lemuel_doored_altar, lemuel_crystal_altar, serial_corexii_hall,
          chequers_hall_statues_wall_a, corexii_hall_statues_deadend,
          uniq_crazy_yiuf_cottage, uniq_grinder
D:7:      layout_loops_corners, temple_hall, enter_bailey_3,
          minmay_quadrilaterals
D:8:      corexii_shantytown, layout_cave_pools, okawaru_metal_pillars_1_2,
          ploomutoo_gammafunk_ghost_potion_laboratory, uniq_maurice,
          uniq_maggie, uniq_grum
D:9:      layout_rooms, mainiacjoe_overflow_catwalk,
          mainiacjoe_overflow_brackets, general_overflow_altar,
          ashenzari_altar_1, david_orc_2, uniq_psyche, uniq_joseph
D:10:     layout_roguey, nicolae_tso_carved_into_rock, kennysheep_slug_shrine,
          mainiacjoe_overflow_six_doors_small, uniq_erolcha
D:11:     layout_cave_pools, grunt_lair_entry_orc_guard_hut,
          minmay_parallelograms
D:12:     layout_layer_cave
D:13:     layout_loops_ring
D:14:     layout_rooms, david_vaults_4, grunt_decor_one_mirror,
          hangedman_glass_garden, onia_ninara_dug_in_and_dangerous, uniq_roxanne
D:15:     gammafunk_depths_entry_grave, layout_irregular_city,
          nicolae_wu_jian_immortal_techniques, gammafunk_ghost_mausoleum,
          serial_column_ruins, column_ruins_circle_medium,
          column_ruins_open_tiny, column_ruins_grid_3, column_ruins_open_medium,
          column_ruins_open_small, nicolae_inconvenience_store,
          nicolae_shop_firing_range
Lair:1:   layout_regular_city, st_stairs_9
Lair:2:   layout_long_grid, guppyfry_snake_entry_island, uniq_amaemon
Lair:3:   layout_long_grid, minmay_swamp_entry_worms, nzn_random_ring,
          uniq_josephine
Lair:4:   layout_roguey, nicolae_slime_entry_field_trip, patterned_corridor,
          grunt_megastairs_4, serial_bayou_shore_a
Lair:5:   wormcave, layout_regular_city, hangedman_lair_caniforms_friends,
          grunt_megastairs_5
Swamp:1:  layout_basic_swamp, infiniplex_staircase_pool, uniq_nikola
Swamp:2:  layout_falls_marsh, evilmike_swamp_ruin_rubble_2, swamp_pool1
Swamp:3:  layout_basic_swamp, evilmike_swamp_ruin_house_3, uniq_mara
Swamp:4:  swamp_icy, layout_basic_swamp
Snake:1:  layout_onion_interference, nicolae_snake_naga_rites, minmay_shoptagon
Snake:2:  layout_misc_corridors, nicolae_snake_guarding_the_ruins,
          grunt_megastairs_2, uniq_agnes, uniq_aizul
Snake:3:  layout_gridlike
Snake:4:  johnstein_snake_rune_scales, layout_onion, basic_altar, st_stairs_10,
          uniq_asterion
Orc:1:    layout_caves, uniq_nergalle, uniq_snorg
Orc:2:    st_orc_town, layout_caves, serial_shops, shop, uniq_rupert,
          uniq_azrael
Elf:1:    eino_elf_arrival_sip, layout_loops_corners, hangedman_elf_disciples
Elf:2:    elven_hall_of_blades_hangedman_alternative
          [mumra_blade_entry_bloodbath], layout_loops_cross, uniq_saint_roka

Skill      XL: |  1  2  3  4  5  6  7  8  9 10 11 12 13 14 15 16 17 18 19 |
---------------+----------------------------------------------------------+-----
Fighting       | 4 5 6 7 9 11 12 14 15 17 18 19 20 | 20.8
Shields        | 4 5 6 7 8 10 11 12 14 15 16 | 16.1
Armour         | 4 5 6 8 9 11 13 14 15 16 17 18 | 18.1
Staves         | 1 2 |  2.1
Axes           | 1 3 4 5 8 9 |  9.2
Dodging        | 2 3 4 5 6 8 |  8.8
Maces & Flails | 2 3 4 |  4.6
Polearms       | 6 9 11 13 14 15 17 18 19 20 21 | 21.6
Stealth        | 1 2 3 4 |  4.8
Throwing       | 1 2 3 4 5 6 7 8 |  8.7
Invocations    | 1 3 4 5 |  5.4
Unarmed Combat | |  2.6
Evocations     | |  0.1

Action                     |  1- 3 |  4- 6 |  7- 9 | 10-12 | 13-15 | 16-18 | 19-21 || total
---------------------------+-------+-------+-------+-------+-------+-------+-------++-------
  Melee: Unarmed           |    35 |       |       |       |       |       |       ||    35
         Headbutt          |    12 |    11 |    34 |   112 |   303 |   233 |    23 ||   728
         Staff             |    83 |       |       |       |       |       |       ||    83
         Hand axe          |    24 |   110 |     5 |       |       |       |       ||   139
         Mace              |       |       |    76 |       |       |       |       ||    76
         War axe           |       |       |    28 |       |       |       |       ||    28
         Halberd           |       |       |    78 |       |   231 |       |       ||   309
         Trident           |       |       |   173 |   729 |  1227 |   134 |       ||  2263
         Morningstar       |       |       |       |       |    34 |       |       ||    34
         Broad axe         |       |       |       |       |       |   101 |       ||   101
         Bardiche          |       |       |       |       |       |    84 |   117 ||   201
         Demon trident     |       |       |       |       |       |   937 |    36 ||   973
  Throw: Javelin           |       |       |    27 |    53 |    27 |   105 |     4 ||   216
 Invoke: Heroism           |       |       |       |     9 |    15 |     7 |       ||    31
         Finesse           |       |       |       |     1 |     7 |     3 |     1 ||    12
  Evoke: Wand              |       |       |       |       |     1 |       |       ||     1
    Use: Scroll            |     3 |     5 |     2 |    16 |    12 |    15 |     1 ||    54
         Potion            |     1 |       |     1 |    18 |     2 |    19 |     1 ||    42
   Stab: Distracted        |       |       |       |       |       |     3 |       ||     3
         Sleeping          |       |       |       |       |       |     1 |       ||     1
 Armour: Scale mail        |   103 |    57 |    71 |       |       |       |       ||   231
         Plate armour      |       |       |   117 |   326 |   192 |       |       ||   635
         Skin              |       |       |       |     8 |       |       |       ||     8
         Chain mail        |       |       |       |       |   523 |   383 |    65 ||   971
         Acid dragon scale |       |       |       |       |       |    91 |       ||    91
  Dodge: Dodged            |    66 |    79 |   131 |   226 |   424 |   418 |    33 ||  1377
  Block: Buckler           |    46 |    21 |    43 |   102 |   232 |   640 |     7 ||  1091
         Other             |       |       |       |       |       |    28 |    11 ||    39
         Reflection        |       |       |       |       |       |    72 |     2 ||    74
